 Dungeon Crawl Stone Soup version 0.28.0-53-g5a82cb258f (webtiles) character file.

Game seed: 3135740549523039261

1368 ChickenMitten the Destroyer (level 8, -3/41 HPs)
             Began as an Octopode Conjurer on Aug 6, 2022.
             Was a Believer of Hepliaklqana.
             Killed from afar by Dowan (14 damage)
             ... with a shard of ice
             ... on level 5 of the Dungeon.
             The game lasted 00:04:54 (5797 turns).

ChickenMitten the Destroyer (Octopode Conjurer)     Turns: 5797, Time: 00:04:55

Health: -3/41      AC:  1    Str:  6    XL:     8   Next: 65%
Magic:  2/18       EV: 13    Int: 23    God:    Hepliaklqana [**....]
Gold:   160        SH:  0    Dex: 10    Spells: 19/20 levels left

rFire   . . .      SeeInvis .   a - staff of death
rCold   . . .      Faith    .   (no shield)
rNeg    + . .      Spirit   .   (helmet restricted)
rPois   .          Reflect  .   (no amulet)
rElec   .          Harm     .   (no ring)
rCorr   .          Rampage  .   (no ring)
Will    .....                   (no ring)
Stlth   +++.......              (no ring)
HPRegen 0.13/turn               (no ring)
MPRegen 0.16/turn               (no ring)
                                (no ring)
                                (no ring)

@: no status effects
A: reduced essence, almost no armour, amphibious, 8 rings, camouflage 1,
gelatinous body 1, (nimble swimmer 1), tentacles
a: Renounce Religion, Recall Ancestor, Ancestor Identity


You were on level 5 of the Dungeon.
You worshipped Hepliaklqana.
Hepliaklqana was pleased with you.
You visited 1 branch of the dungeon, and saw 5 of its levels.

You collected 160 gold pieces.

Inventory:

Magical Staves
 a - a staff of death (weapon)
Jewellery
 b - a ring of protection from fire
Wands
 i - a wand of flame (31)
Scrolls
 c - 2 scrolls of enchant armour {unknown}
 e - a scroll of teleportation {unknown}
 g - 4 scrolls of fog {unknown}
 h - a scroll of blinking {unknown}
Potions
 d - 3 potions of curing
 f - 2 potions of lignification {unknown}
 j - a potion of mutation {unknown}
 k - a potion of flight {unknown}


   Skills:
 + Level 0.6 Staves
 - Level 2.0 Dodging
 - Level 2.6 Stealth
 * Level 6.8 Spellcasting
 * Level 8.4 Conjurations


You had 19 spell levels left.
You knew the following spells:

 Your Spells              Type           Power      Damage    Failure   Level
a - Magic Dart            Conj           100%       1d8       1%          1

Your spell library contained the following spells:

 Spells                   Type           Power      Damage    Failure   Level
 Searing Ray              Conj           92%        2d7       1%          2
 Dazzling Flash           Conj/Hex       54%        N/A       4%          3
 Fulminant Prism          Conj/Hex       13%        3d9       14%         4
 Iskenderun's Mystic Bla  Conj/Tloc      27%        2d7       14%         4
 Animate Dead             Necr           5%         N/A       61%         4
 Haunt                    Necr/Summ      5%         N/A       100%        7
 Infestation              Necr           5%         N/A       100%        8


Dungeon Overview and Level Annotations

Branches:
Dungeon (5/15)             Temple (0/1) D:4

Altars:
Ashenzari
Elyvilon
Hepliaklqana
Ru

Shops:
D:4 *(

Annotations:
D:5 Dowan


Innate Abilities, Weirdness & Mutations

Your life essence is reduced to manifest your ancestor. (-10% HP)
You cannot wear most types of armour.
You are amphibious.
You can wear up to eight rings at the same time.
Your skin changes colour to match your surroundings (Stealth+).
Your rubbery body absorbs attacks. (AC +1, EV +1)
((You are camouflaged when in or above water. (Stealth+)))
You have tentacles for arms and can constrict up to eight enemies at once.


Message History

Dowan blinks!
The sky beast hits you. The sky beast shocks you.
Shiptu hits the sky beast with a +0 flail!
The magic dart hits the sky beast but does no damage.
The sky beast is severely wounded.
Dowan completely misses you. The sky beast barely misses you.
Shiptu barely misses the sky beast.
You are too depleted to draw on your mana recklessly!
You are too depleted to draw on your mana recklessly!
You are too depleted to draw on your mana recklessly!
You hit the sky beast. Your squeeze misses the sky beast.
The sky beast is severely wounded.
Dowan mumbles some strange words.
Dowan blinks!
The sky beast hits you. The sky beast shocks you.
Shiptu closely misses the sky beast.
You hit the sky beast. Your squeeze misses the sky beast.
The sky beast is almost dead.
The sky beast flickers out of sight!
Deactivating autopickup; reactivate with Ctrl-A.
Something hits you. Something shocks you.
Shiptu barely misses something.
Something completely misses you.
You closely miss something. Your squeeze misses something.
Dowan hits you with a +0 dagger.
* * * LOW HITPOINT WARNING * * *
Shiptu closely misses something.
Something hits you.
* * * LOW HITPOINT WARNING * * *
Something shocks you.
* * * LOW HITPOINT WARNING * * *
Dowan mumbles some strange words.
Dowan blinks!
You hit something but do no damage. Your squeeze misses something.
Dowan gestures at you while chanting. The shard of ice misses you.
Shiptu hits something with a +0 flail.
Reactivating autopickup.
You feel a bit more experienced.
Dowan mumbles some strange words.
Dowan blinks!
It was a potion of curing.
You feel better.
Dowan points at you and mumbles some strange words.
The shard of ice hits you!
You die...

### ##.# # ##..### #
####.....# ##
###.###.#..#
.#####....#....#####
...#.........e..##.##
............###.##..##
.##...........#.@....#
..#.##.........R...###
#.#............#####
....<#.........#
..............##
..........[....#
...............).
###................
##........#..)......#


You could see the friendly Shiptu the knight and Dowan (fast).

Vanquished Creatures
  A necrophage (D:4)
  An ogre (D:4)
  3 jellies
  A hound (D:5)
  A gnoll shaman (D:5)
  An orc priest (D:4)
  A centaur skeleton (D:4)
  An iguana (D:4)
  2 gnolls (D:5)
  2 adders
  2 worms
  2 dart slugs
  11 orcs
  10 ball pythons
  An endoplasm (D:4)
  A giant cockroach (D:2)
  14 goblins
  6 hobgoblins
  6 jackals
  4 kobolds
  2 quokkas (D:4)
  6 bats
  5 frilled lizards
  3 rats
87 creatures vanquished.

Vanquished Creatures (collateral kills)
  Duvessa (D:5)
  A black bear (D:4)
  A sky beast (D:5)
  3 ogres
  A bullfrog zombie (D:5)
  A jelly (D:5)
  2 hounds (D:4)
  A bullfrog skeleton (D:5)
  2 iguanas
  3 orc wizards
  2 gnolls (D:5)
  2 orcs (D:5)
  A hobgoblin (D:4)
21 creatures vanquished.

Vanquished Creatures (others)
  A plant (D:1)
1 creature vanquished.

Grand Total: 109 creatures vanquished

Notes
Turn   | Place    | Note
-------+----------+-------------------------------------------
     0 | D:1      | ChickenMitten the Octopode Conjurer began the quest for the
                  | Orb.
     0 | D:1      | Reached XP level 1. HP: 11/11 MP: 3/3
     0 | D:1      | Noticed a demigod
     0 | D:1      | Noticed a dwarf
     1 | D:1      | Noticed a felid
     2 | D:1      | Noticed a spriggan
     6 | D:1      | Noticed a minotaur
     9 | D:1      | Noticed a minotaur
    11 | D:1      | Noticed a vampire
    11 | D:1      | Noticed a vine stalker
    15 | D:1      | Noticed a felid
    15 | D:1      | Noticed a ghoul
    17 | D:1      | Noticed an octopode
    19 | D:1      | Noticed a spriggan
    19 | D:1      | Noticed a naga
   415 | D:1      | Reached XP level 2. HP: 17/17 MP: 1/5
  1165 | D:1      | Found a faded altar of an unknown god.
  1192 | D:1      | Prayed at the altar of an unknown god.
  1192 | D:1      | Became a worshipper of Hepliaklqana the Forgotten
  1192 | D:1      | Reached * piety under Hepliaklqana
  1292 | D:2      | Reached XP level 3. HP: 18/18 MP: 4/6
  1311 | D:2      | You fall into a shaft and drop 2 floors!
  1343 | D:4      | Found Natsol's Antique Weapon Shoppe.
  2125 | D:2      | Reached skill level 5 in Conjurations
  2366 | D:2      | Identified the +1 ring mail of Vanity {Slay+2}
  3154 | D:3      | Reached ** piety under Hepliaklqana
  3155 | D:3      | Remembered your ancestor Shiptu as a knight
  3158 | D:3      | Reached XP level 4. HP: 24/24 MP: 4/7
  3480 | D:3      | Found a sacrificial altar of Ru.
  3779 | D:4      | Reached XP level 5. HP: 14/27 MP: 1/9
  3953 | D:4      | Found Qotruut's Mayhem Merchandise.
  4231 | D:4      | Found a broken altar of Ashenzari.
  4240 | D:4      | Noticed a necrophage
  4249 | D:4      | Killed a necrophage
  4250 | D:4      | Reached skill level 6 in Conjurations
  4250 | D:4      | Reached XP level 6. HP: 19/32 MP: 0/11
  4382 | D:4      | Found a white marble altar of Elyvilon.
  4553 | D:4      | Reached XP level 7. HP: 36/36 MP: 4/13
  4621 | D:4      | Found a staircase to the Ecumenical Temple.
  4709 | D:4      | Reached skill level 5 in Spellcasting
  4709 | D:4      | Reached skill level 7 in Conjurations
  5085 | D:5      | Entered Level 5 of the Dungeon
  5157 | D:5      | Reached XP level 8. HP: 33/41 MP: 3/16
  5593 | D:5      | Reached skill level 8 in Conjurations
  5777 | D:5      | Noticed Duvessa
  5783 | D:5      | Killed Duvessa
  5784 | D:5      | Noticed Dowan
  5790 | D:5      | HP: 2/41 [something (6)]
  5797 | D:5      | Killed from afar by Dowan

Illustrated notes

Levels and vault maps discovered:
D:1:      shiori_arrival_whats_in_store_for_you, layout_basic,
          dreamdust_ecumenical_altar_hidden_monk_grotto
D:2:      layout_basic, kennysheep_small_spiral
D:3:      layout_loops_ring, hangedman_ru_absence, roderic_roman_lattice,
          minmay_misc_feat_pillars
D:4:      minmay_skewed_foursquare, layout_basic,
          mainiacjoe_overflow_large_starburst, minmay_temple_entry_mini_moons,
          serial_shops, nicolae_shop_waterfront, minmay_shop_mayhem
D:5:      layout_cave_pools, saegor_snake_ambush, uniq_duvessa

Skill      XL: |  1  2  3  4  5  6  7  8 |
---------------+-------------------------+-----
Conjurations   | 5 6 7 8 |  8.4
Spellcasting   | 3 4 5 6 |  6.8
Staves         | |  0.6
Dodging        | |  2.0
Stealth        | |  2.6

Action                   |  1- 3 |  4- 6 |  7- 9 || total
-------------------------+-------+-------+-------++-------
Melee: Staff             |     3 |     5 |     7 ||    15
       Tentacles         |     1 |     2 |       ||     3
       Constrict         |     1 |     1 |       ||     2
 Cast: Magic Dart        |    87 |    80 |   116 ||   283
Invok: Ancestor Life: Kn |     1 |       |       ||     1
  Use: Potion            |       |       |     1 ||     1
 Stab: Distracted        |       |       |     1 ||     1
Armor: Skin              |     2 |     4 |     1 ||     7
Dodge: Dodged            |     8 |    16 |    10 ||    34
